 Dungeon Crawl Stone Soup version 0.31.0-32-g396128a36d (webtiles) character file.

Game seed: 17303866028202434751

62848 diecastcamel the Fighter (level 15, -17/165 HPs)
             Began as an Oni Ice Elementalist on Apr 16, 2024.
             Was a High Priest of Sif Muna.
             Killed from afar by a frost giant (25 damage)
             ... with a bolt of cold
             ... in an ice cave on Apr 17, 2024.
             The game lasted 02:57:37 (26774 turns).

diecastcamel the Fighter (Oni Ice Elementalist)    Turns: 26774, Time: 02:57:38

Health: -17/165    AC: 21    Str: 16    XL:     15   Next: 7%
Magic:  27/27      EV: 10    Int: 22    God:    Sif Muna [*****.]
Gold:   649        SH:  0    Dex:  9    Spells: 5/30 levels left

rFire   . . .        I - +1 glaive (elec)
rCold   . . .        (shield currently unavailable)
rNeg    . . .        J - +4 swamp dragon scales
rPois   +            H - +2 hat
rElec   .            f - +2 cloak
rCorr   .            (gloves unavailable)
SInv    .            (boots unavailable)
Will    +....        D - amulet of magic regeneration
Stlth   +            t - ring of flight
HPRegen 0.47/turn    a - +4 ring of protection
MPRegen 0.60/turn

%: no passive effects
@: on blink cooldown, flying, studying Shields
A: large, unfitting armour, horns 1, tough skin 1, double potion healing,
drunken brawling
a: Renounce Religion, Channel Magic, Forget Spell, Divine Exegesis


You were in an ice cave.
You worshipped Sif Muna.
Sif Muna was extremely pleased with you.
You visited 3 branches of the dungeon, and saw 17 of its levels.
You also visited: Bailey and Ice Cave.

You collected 915 gold pieces.
You spent 266 gold pieces at shops.

Inventory:

Hand Weapons
 I - a +1 glaive of electrocution (weapon)
 R - the +3 glaive of the Throat {pain, rF+ rC- Str+4 Int+3}
   (You found it on level 5 of the Lair of Beasts)

   Str+4:     It affects your strength (+4).
   Int+3:     It affects your intelligence (+3).
   rF+:       It protects you from fire.
   rC-:       It makes you vulnerable to cold.
Missiles
 m - 3 poisoned darts
Armour
 f - a +2 cloak (worn)
 H - a +2 hat (worn)
 J - +4 swamp dragon scales (worn)
Jewellery
 a - a +4 ring of protection (right hand)
 d - a ring of protection from fire
 t - a ring of flight (left hand)
 B - a ring of positive energy
 D - an amulet of magic regeneration (around neck)
 K - the ring "Wat Cagh" {rElec rCorr Stlth+}
   (You found it on level 8 of the Dungeon)

   [ring of resist corrosion]

   rElec:     It insulates you from electricity.
   rCorr:     It protects you from acid and corrosion.
   Stlth+:    It makes you more stealthy.
Wands
 g - a wand of flame (11)
 k - a wand of paralysis (3)
 z - a wand of digging (14)
 L - a wand of polymorph (2)
 M - a wand of light (4)
 P - a wand of mindburst (7)
Scrolls
 e - 2 scrolls of vulnerability
 j - 3 scrolls of enchant weapon
 o - 3 scrolls of teleportation
 r - 2 scrolls of noise
 s - 4 scrolls of fog
 x - 2 scrolls of enchant armour
 y - 2 scrolls of immolation
 A - 3 scrolls of amnesia
 G - a scroll of poison
 Q - a scroll of torment
Potions
 b - a potion of magic
 i - 3 potions of brilliance
 l - 3 potions of enlightenment
 n - a potion of heal wounds {unknown}
 q - a potion of haste {unknown}
 u - a potion of resistance {unknown}
 w - 4 potions of attraction
 C - 2 potions of cancellation
 E - 4 potions of might {unknown}
 F - 2 potions of invisibility {unknown}
 N - 3 potions of mutation
 S - a potion of berserk rage {unknown}


   Skills:
 + Level 14.4 Fighting
 + Level 12.7 Polearms
 - Level 2.2 Armour
 + Level 7.4 Dodging
 - Level 1.6 Stealth
 - Level 8.0 Spellcasting
 + Level 12.0 Summonings
 + Level 1.8 Translocations
 - Level 5.0 Fire Magic
 - Level 8.2 Ice Magic
 - Level 6.1 Invocations


You had 5 spell levels left.
You knew the following spells:

 Your Spells              Type           Power      Damage    Failure   Level
a - Freeze                Ice            100%       1d10      1%          1
b - Frozen Ramparts       Ice            90%        1d14      1%          3
c - Summon Ice Beast      Ice/Summ       52%        N/A       1%          3
d - Ozocubu's Armour      Ice            45%        N/A       1%          3
e - Call Canine Familiar  Summ           58%        N/A       1%          3
f - Summon Blazeheart Go  Fire/Summ      46%        N/A       4%          4
g - Blink                 Tloc           34%        N/A       10%         2
h - Summon Cactus Giant   Summ           29%        N/A       14%         6

Your spell library contained the following spells:

 Spells                   Type           Power      Damage    Failure   Level
 Summon Small Mammal      Summ           100%       N/A       1%          1
 Call Imp                 Summ           100%       N/A       1%          2
 Scorch                   Fire           60%        2d7       2%          2
 Martyr's Knell           Necr/Summ      35%        N/A       12%         4
 Kiss of Death            Conj/Necr      32%        2d7       14%         1
 Sting                    Conj/Alch      32%        1d5       14%         1
 Momentum Strike          Conj/Tloc      26%        3d8       14%         2
 Inner Flame              Hex/Fire       19%        N/A       14%         3
 Mercury Vapours          Alch/Air       16%        N/A       21%         2
 Confusing Touch          Hex            8%         N/A       38%         3
 Passage of Golubria      Tloc           17%        N/A       54%         4
 Dimensional Bullseye     Hex/Tloc       6%         N/A       67%         4
 Vhi's Electric Charge    Tloc/Air       26%        N/A       67%         4
 Dispel Undead            Necr           8%         3d8       80%         4
 Leda's Liquefaction      Alch/Erth      4%         N/A       80%         4
 Olgreb's Toxic Radiance  Alch           8%         N/A       80%         4
 Irradiate                Conj/Alch      4%         3d13      98%         5
 Monstrous Menagerie      Summ           29%        N/A       63%         7
 Conjure Ball Lightning   Conj/Air       4%         3x3d6     100%        6
 Spellforged Servitor     Conj/Summ      17%        N/A       100%        7
 Discord                  Hex            4%         N/A       100%        8
 Disjunction              Tloc           8%         N/A       100%        8
 Ignition                 Fire           15%        3d6       100%        8


Dungeon Overview and Level Annotations

Branches:
Dungeon (11/15)            Temple (1/1) D:6            Lair (5/5) D:10
  Swamp (0/4) Lair:2        Slime (0/5) Lair:5          Orc (0/2) D:10
 Bailey (visited)           IceCv (1/1)
  Snake: Lair:2-3    Spider: Lair:2-3

Altars:
Ashenzari
Cheibriados
Dithmenos
Elyvilon
Fedhas
Gozag
Hepliaklqana
Kikubaaqudgha
Makhleb
Nemelex Xobeh
Okawaru
Qazlal
Ru
Sif Muna
Trog
Uskayaw
Vehumet
Wu Jian
Xom
Yredelemnul
Zin
The Shining One
Jiyva

Shops:
D:8 *   D:9 *   D:10 ?

Annotations:
D:6 1 runed translucent door, Crazy Yiuf
D:10 4 runed translucent doors, Ardipithecus's ghost, journeyman MiBe
D:11 Lodul
Lair:2 exclusion: orb spider
Lair:4 2 transporters, Kyusiynim's ghost, journeyman GnEn IceCv exclusion: ice statue


Innate Abilities, Weirdness & Mutations

You are too large for most types of armour.
You have a pair of small horns on your head.
You have tough skin. (AC +1)
You gain doubled healing and magic from potions.
Whenever you drink a healing potion, you attack all around you.


Message History

You blink.
The frost giant is engulfed in blazing flames.
The frost giant casts a spell at you.
You hear a sizzling sound!
The death yak is engulfed in blazing flames.
Read: scroll of butterflies
Press: ? - help, Q - select action, (/) - cycle Dir - look around, f - activate Look: a wolf
As you read the scroll of butterflies, it crumbles to dust.
You hear the flapping of tiny wings.
The polar bear is knocked back by the sudden gust.
The wolf is knocked back by the sudden gust.
The yak is knocked back by the sudden gust.
The wolf is knocked back by the sudden gust.
The rime drake misses your butterfly. The wolf misses your butterfly.
The frost giant is engulfed in blazing flames.
The wolf closely misses your butterfly. The death yak gores your butterfly!!
Your butterfly dies!
Your butterfly disappears in a burst of colours!
You swap places.
The ice encasing you melts away. The wolf bites your butterfly.
Your butterfly dies!
Your butterfly disappears in a burst of colours!
The rime drake completely misses your butterfly.
The polar bear barely misses your butterfly.
The polar bear claws your butterfly.
Your butterfly dies!
Your butterfly disappears in a burst of colours!
The yak barely misses your butterfly.
The wolf closely misses your butterfly. x2
The frost giant is engulfed in blazing flames.
The frost giant gestures at you while chanting.
The bolt of cold misses your butterfly. The bolt of cold hits your butterfly!!!
Your butterfly dies!
Your butterfly disappears in a burst of colours!
The bolt of cold hits your butterfly!!
Your butterfly dies!
Your butterfly disappears in a burst of colours!
The bolt of cold misses your butterfly. The bolt of cold hits you!!
You die...

#.# ..# .## ## ### ###
##b## # ###.#####
#bbb##
####..#.#≈≈###.b@b#
.#...#.≈≈≈≈##hbbbb##
..#.###≈≈≈≈#bb.bbbbb.#
#..## #≈≈#.#bb.hbbb.b#
####


##≈##bYbYbbbbb## #≈#..Ckbbbbbb# ###...###..b.# #..## ##.h.# #..# #..# You could
see a frost giant (ally target), a death yak (ally target), a polar bear (ally
target), a yak (ally target), a rime drake (ally target) and 2 wolves.

Vanquished Creatures
  A dire elephant (Lair:5)
  Snorg (Lair:4)
  A hydra (Lair:2)
  2 catoblepae
  2 boulder beetles
  A two-headed ogre (D:10)
  A deep troll shaman (Lair:5)
  14 death yaks
  2 skysharks
  4 ugly things (D:10)
  4 wolf spiders (D:10)
  10 elephants
  6 black mambas
  A torpor snail (Lair:5)
  8 cane toads
  4 rime drakes
  4 komodo dragons
  4 polar bears
  2 hornets
  2 trolls (D:11)
  17 blink frogs
  2 dream sheep (Lair:5)
  2 wraiths
  46 yaks
  A basilisk (Lair:3)
  A steam dragon (Lair:3)
  3 redbacks (D:10)
  An acid dragon (D:10)
  12 water moccasins
  Duvessa (D:5)
  11 orc warriors
  5 black bears
  2 sky beasts (D:6)
  An ogre (D:5)
  11 wolves
  Blork the orc (D:4)
  8 centaurs
  6 bullfrogs
  2 scorpions (D:6)
  3 wights
  11 killer bees
  An electric eel (Lair:5)
  2 bombardier beetles
  A jelly (D:8)
  An orc priest (D:4)
  6 hounds
  2 sleepcaps
  3 iguanas (D:4)
  5 orc wizards
  6 hell rats (Lair:3)
  3 gnolls (D:2)
  9 adders
  2 river rats (D:10)
  A shadow imp (D:5)
  A white imp (D:5)
  2 ufetubi (D:7)
  A dart slug (D:1)
  3 ribbon worms
  37 orcs
  6 ball pythons
  12 endoplasms
  9 goblins
  3 hobgoblins
  3 jackals (D:1)
  3 kobolds
  7 quokkas
  4 bats
  4 frilled lizards
  8 rats
366 creatures vanquished.

Vanquished Creatures (collateral kills)
  Gastronok (Lair:1)
  Harold (D:9)
  A catoblepas (Lair:2)
  A two-headed ogre (D:8)
  A boulder beetle (D:10)
  4 death yaks
  2 ugly things (D:10)
  5 elephants
  2 cane toads (Lair:1)
  Maggie (D:6)
  A komodo dragon (Lair:4)
  A rime drake (D:11)
  A polar bear (IceCv)
  6 blink frogs
  A dream sheep (Lair:5)
  A spriggan (D:8)
  Eustachio (D:6)
  8 yaks
  Edmund (D:5)
  5 water moccasins
  2 sky beasts
  7 orc warriors
  2 black bears (Lair:1)
  An ogre (D:7)
  4 centaurs (Bailey)
  8 wolves
  A bullfrog (Lair:4)
  3 wights
  Dowan (D:5)
  A killer bee (D:10)
  An electric eel (Lair:5)
  A hound (D:5)
  A sleepcap (D:6)
  2 iguanas
  2 orc wizards
  2 hell rats
  2 white imps
  21 orcs
  A quokka (D:5)
108 creatures vanquished.

Vanquished Creatures (others)
  20 blazeheart cores
20 creatures vanquished.

Grand Total: 494 creatures vanquished

Notes
Turn   | Place    | Note
-------+----------+-------------------------------------------
     0 | D:1      | diecastcamel the Oni Ice Elementalist began the quest for
                  | the Orb.
     0 | D:1      | Reached XP level 1. HP: 16/16 MP: 3/3
   410 | D:1      | Reached XP level 2. HP: 26/26 MP: 3/5
   539 | D:1      | Reached skill level 1 in Fighting
  1249 | D:1      | Reached XP level 3. HP: 33/33 MP: 4/7
  1253 | D:1      | Learned a level 3 spell: Frozen Ramparts
  1632 | D:2      | Learned a level 3 spell: Summon Ice Beast
  1905 | D:2      | Reached skill level 2 in Fighting
  2121 | D:2      | Reached XP level 4. HP: 38/42 MP: 4/8
  2352 | D:2      | Got the Vellum of Productive Congelation
  2928 | D:3      | Reached skill level 1 in Summonings
  2999 | D:3      | Reached XP level 5. HP: 49/49 MP: 8/10
  3721 | D:3      | Found a shimmering blue altar of Sif Muna.
  3766 | D:3      | Became a worshipper of Sif Muna the Loreminder
  3834 | D:3      | Learned a level 3 spell: Ozocubu's Armour
  3901 | D:4      | Identified the +2 sling "Hydrabane" {flame, rElec rF+ rN+
                  | Int-3}
  4034 | D:4      | Noticed Blork the orc
  4116 | D:4      | Reached skill level 5 in Ice Magic
  4204 | D:4      | Reached XP level 6. HP: 48/57 MP: 1/11
  4464 | D:4      | You fall into a shaft and drop 3 floors!
  4786 | D:7      | Noticed an orc warrior
  4805 | D:7      | Killed an orc warrior
  4806 | D:7      | Reached XP level 7. HP: 22/65 MP: 0/13
  5072 | D:6      | Found a staircase to the Ecumenical Temple.
  5132 | D:6      | Reached * piety under Sif Muna
  5300 | D:5      | Entered Level 5 of the Dungeon
  5300 | D:5      | Noticed Edmund
  5432 | D:6      | Reached XP level 8. HP: 28/72 MP: 8/15
  5593 | D:6      | Reached skill level 5 in Spellcasting
  5742 | D:5      | Killed Edmund
  5840 | D:4      | Killed Blork the orc
  5841 | D:4      | Reached skill level 3 in Fighting
  6041 | D:4      | Reached skill level 5 in Summonings
  6592 | D:5      | Reached skill level 4 in Fighting
  7007 | D:5      | Noticed Dowan
  7010 | D:5      | Noticed Duvessa
  7011 | D:5      | Killed Dowan
  7023 | D:5      | Reached skill level 1 in Invocations
  7023 | D:5      | Reached XP level 9. HP: 59/85 MP: 10/18
  7030 | D:5      | Killed Duvessa
  7630 | D:6      | Found a white marble altar of Elyvilon.
  7733 | D:6      | Found a runed translucent door.
  7734 | D:6      | Noticed Crazy Yiuf
  7752 | D:6      | Noticed Maggie
  7760 | D:6      | Noticed Eustachio
  7777 | D:6      | Killed Maggie
  7778 | D:6      | Reached skill level 5 in Fighting
  8080 | D:6      | Killed Eustachio
  8790 | D:7      | Found a hazy altar of Hepliaklqana.
  8856 | D:7      | Reached skill level 6 in Fighting
  9126 | D:7      | Learned a level 3 spell: Call Canine Familiar
  9146 | D:7      | Reached ** piety under Sif Muna
  9453 | Temple   | Entered the Ecumenical Temple
  9610 | D:8      | Reached XP level 10. HP: 100/100 MP: 10/20
  9766 | D:8      | Found a shadowy altar of Dithmenos.
  9769 | D:8      | Found an ornate altar of the Wu Jian Council.
  9843 | D:8      | Reached skill level 7 in Fighting
  9843 | D:8      | Reached skill level 5 in Invocations
 10177 | D:8      | Noticed a two-headed ogre
 10190 | D:8      | Killed a two-headed ogre
 10277 | D:8      | Found Roman's General Store.
 10917 | D:8      | Found a shimmering altar of Xom.
 11018 | D:8      | Reached skill level 1 in Polearms
 11055 | D:8      | Identified the ring "Wat Cagh" {rElec rCorr Stlth+}
 11136 | D:8      | Found a stormy altar of Qazlal.
 11138 | D:8      | Found a snail-covered altar of Cheibriados.
 11674 | D:9      | Noticed a boulder beetle
 11703 | D:9      | Killed a boulder beetle
 11827 | D:9      | Found a flagged portal.
 11836 | Bailey   | Entered a bailey
 11901 | Bailey   | Reached XP level 11. HP: 109/109 MP: 23/23
 11982 | Bailey   | Reached skill level 5 in Polearms
 12440 | Bailey   | Reached *** piety under Sif Muna
 14094 | D:9      | Found Cutuog's Assorted Antiques.
 14170 | D:9      | Noticed Harold
 14192 | D:9      | Killed Harold
 14649 | D:9      | Bought a pearl ring for 140 gold pieces
 14675 | D:10     | Entered Level 10 of the Dungeon
 14746 | D:10     | Noticed a death yak
 14758 | D:10     | Killed a death yak
 14766 | D:10     | Found a staircase to the Lair.
 14767 | D:10     | Noticed a death yak
 14767 | D:10     | Noticed a death yak
 14799 | D:10     | Killed a death yak
 14800 | D:10     | Reached skill level 8 in Fighting
 14815 | D:10     | Killed a death yak
 14929 | D:10     | Noticed a two-headed ogre
 14953 | D:10     | Killed a two-headed ogre
 15112 | D:10     | Found a staircase to the Orcish Mines.
 15426 | D:10     | Found the +9 staff of Olgreb {rPois∞}
 15431 | D:10     | Noticed a wolf spider
 15432 | D:10     | Noticed a wolf spider
 15432 | D:10     | Noticed a wolf spider
 15432 | D:10     | Noticed a wolf spider
 15434 | D:10     | Found a runed translucent gate.
 15434 | D:10     | Found a runed translucent gate.
 15434 | D:10     | Found a runed translucent gate.
 15435 | D:10     | Found a runed translucent door.
 15435 | D:10     | Found a runed translucent gate.
 15435 | D:10     | Noticed a cyan ugly thing
 15435 | D:10     | Noticed a red ugly thing
 15436 | D:10     | Found a runed translucent gate.
 15436 | D:10     | Noticed a white ugly thing
 15436 | D:10     | Noticed a purple ugly thing
 15436 | D:10     | Noticed a white ugly thing
 15437 | D:10     | Noticed a white ugly thing
 15454 | D:10     | Found a runed translucent gate.
 15463 | D:10     | Found a runed translucent door.
 15558 | D:10     | Found Qihu's Magic Scroll Boutique.
 15566 | D:10     | Bought a scroll of teleportation for 42 gold pieces
 15566 | D:10     | Bought a scroll of identify for 28 gold pieces
 15566 | D:10     | Bought a scroll of identify for 28 gold pieces
 15566 | D:10     | Bought a scroll of identify for 28 gold pieces
 15614 | D:10     | Reached skill level 9 in Fighting
 15722 | Lair:1   | Entered Level 1 of the Lair of Beasts
 15755 | Lair:1   | Noticed Gastronok
 15848 | D:10     | Reached XP level 12. HP: 103/123 MP: 24/24
 15905 | D:10     | Reached **** piety under Sif Muna
 16142 | Lair:1   | Killed Gastronok
 16176 | Lair:1   | Noticed a catoblepas
 16587 | D:10     | Killed a catoblepas
 16890 | Lair:1   | Noticed a boulder beetle
 17015 | Lair:1   | Killed a boulder beetle
 17102 | Lair:1   | Found a white marble altar of Elyvilon.
 17175 | Lair:1   | Reached skill level 10 in Fighting
 17271 | Lair:1   | Reached skill level 10 in Polearms
 17921 | Lair:2   | Found a staircase to the Swamp.
 17922 | Lair:2   | Noticed a six-headed hydra
 18016 | Lair:1   | Reached skill level 1 in Armour
 18392 | Lair:2   | Killed a seven-headed hydra
 18602 | Lair:2   | Noticed a catoblepas
 18642 | Lair:2   | Killed a catoblepas
 19218 | Lair:2   | Noticed a skyshark
 19231 | Lair:2   | Killed a skyshark
 19232 | Lair:2   | Reached skill level 10 in Summonings
 19438 | Lair:3   | Noticed a death yak
 19438 | Lair:3   | Noticed a death yak
 19438 | Lair:3   | Noticed a death yak
 19438 | Lair:3   | Noticed a death yak
 19438 | Lair:3   | Noticed a death yak
 19458 | Lair:2   | Killed a death yak
 19459 | Lair:2   | Reached skill level 11 in Fighting
 19459 | Lair:2   | Reached XP level 13. HP: 85/137 MP: 25/25
 20294 | Lair:2   | Learned a level 4 spell: Summon Blazeheart Golem
 20371 | Lair:3   | Reached skill level 1 in Fire Magic
 21726 | Lair:4   | Reached skill level 12 in Fighting
 22320 | Lair:4   | Found a bloodstained altar of Trog.
 22320 | Lair:4   | Noticed Kyusiynim's ghost (journeyman GnEn)
 22329 | Lair:4   | Found a transporter.
 22334 | Lair:4   | Found a transporter.
 22459 | Lair:4   | Reached ***** piety under Sif Muna
 22585 | Lair:4   | Noticed Snorg
 22598 | Lair:4   | Killed Snorg
 22599 | Lair:4   | Reached skill level 5 in Dodging
 23001 | Lair:5   | Entered Level 5 of the Lair of Beasts
 23405 | Lair:5   | Found a viscous altar of Jiyva.
 23406 | Lair:5   | Found a staircase to the Slime Pits.
 23596 | Lair:5   | Received a gift from Sif Muna
 23597 | Lair:5   | Reached XP level 14. HP: 142/150 MP: 22/26
 23605 | Lair:5   | Got Sif Muna's Essays on Creative Reconfiguration {god
                  | gift}
 23677 | Lair:5   | Reached skill level 13 in Fighting
 24092 | Lair:5   | Reached skill level 5 in Fire Magic
 24093 | Lair:5   | Noticed a dire elephant
 24108 | Lair:5   | Killed a dire elephant
 24311 | Lair:5   | Identified the +3 glaive of the Throat {pain, rF+ rC- Str+4
                  | Int+3}
 24328 | Lair:5   | Identified the +3 short sword "Iseth" {heavy, Int+3}
 25733 | D:10     | Reached skill level 14 in Fighting
 25743 | D:10     | Received a gift from Sif Muna
 25867 | D:10     | Got Sif Muna's Textbook on the Twisted Inferno {god gift}
 25871 | D:10     | Learned a level 2 spell: Blink
 25887 | D:10     | Found a runed translucent gate.
 25887 | D:10     | Found a runed translucent gate.
 25891 | D:10     | Found a runed translucent gate.
 25894 | D:10     | Noticed Ardipithecus's ghost (journeyman MiBe)
 26054 | D:11     | Noticed Lodul
 26325 | D:11     | Found a viscous altar of Jiyva.
 26334 | D:11     | Found a frozen archway.
 26361 | IceCv    | Entered an ice cave
 26374 | IceCv    | Reached skill level 1 in Translocations
 26382 | IceCv    | Learned a level 6 spell: Summon Cactus Giant
 26409 | IceCv    | Reached XP level 15. HP: 154/163 MP: 27/27
 26760 | IceCv    | Noticed a frost giant
 26771 | IceCv    | HP: 8/165 [frost giant/bolt of cold (23)]
 26774 | IceCv    | Killed from afar by a frost giant

Illustrated notes

Levels and vault maps discovered:
D:1:      evilmike_arrival_rings, layout_basic, serial_corexii_hall,
          chequers_hall_statues_y, corexii_hall_statues_x,
          corexii_hall_statues_u, chequers_hall_statues_corner_a
D:2:      layout_basic
D:3:      layout_basic, kennysheep_orc_sif_temple
D:4:      minmay_chambers_of_threes, layout_basic, uniq_blork_the_orc
D:5:      layout_rooms, amcnicky_mini_corridor_feature, roderic_st_hans_cross,
          uniq_edmund, uniq_duvessa
D:6:      layout_loops_cross, marbit_many_paths, minmay_temple_entry_tees,
          uniq_eustachio, uniq_maggie, uniq_crazy_yiuf_cottage
D:7:      layout_basic, worldfamousw_hep_ancestral_shrine, nrook_mini_vaults,
          item_on_display_a
D:8:      layout_basic, nicolae_overflow_hidden_temple, serial_shops, shop,
          the_hattery
D:9:      layout_irregular_city, serial_shops, shop, enter_bailey_6,
          serial_library_hellmonk_h_bend, serial_bayou_crossing, uniq_harold
D:10:     nicolae_cairo_tiling_large, layout_basic, dpeg_lair_monsters,
          serial_shops, shop, ploomutoo_gammafunk_ghost_potion_laboratory,
          minmay_guarded_unrand_staff_of_olgreb
D:11:     layout_irregular_city, portal_ice_cave_rime, jiyva_altar_1,
          uniq_lodul, uniq_grum, uniq_urug
Temple:   nicolae_temple_bog_church
Lair:1:   layout_hall_layers, basic_altar, beast_lair_carwin_2,
          grunt_megastairs_4, uniq_gastronok
Lair:2:   layout_chaotic_city, minmay_swamp_entry_reptiles,
          nicolae_spider_entry_orb_guardian
Lair:3:   layout_small_grid, grunt_megastairs_1
Lair:4:   layout_cave_pods, gammafunk_ghost_wrathful_warriors, uniq_snorg
Lair:5:   grunt_lair_end_beastmaster, layout_gridlike, slime_entry_1,
          lemuel_fruit_fields, infiniplex_staircase_pool_2
IceCv:    ice_cave_small_giant

Skill      XL: |  1  2  3  4  5  6  7  8  9 10 11 12 13 14 |
---------------+-------------------------------------------+-----
Fighting       | 1 2 4 6 7 9 11 12 14 | 14.4
Ice Magic      | 4 5 6 7 8 |  8.2
Spellcasting   | 3 4 6 7 8 |  8.0
Summonings     | 1 2 3 4 5 6 7 9 10 11 12 | 12.0
Invocations    | 1 4 5 6 |  6.1
Polearms       | 4 9 10 11 12 | 12.7
Dodging        | 2 4 5 7 |  7.4
Armour         | 2 |  2.2
Fire Magic     | 4 5 |  5.0
Translocations | 1 |  1.8
Stealth        | |  1.6

Action                     |  1- 3 |  4- 6 |  7- 9 | 10-12 | 13-15 || total
---------------------------+-------+-------+-------+-------+-------++-------
  Melee: Dagger            |    15 |    37 |    77 |     5 |       ||   134
         Headbutt          |     1 |    11 |    19 |    26 |    69 ||   126
         Punch             |       |       |     3 |       |       ||     3
         Whip              |       |       |     4 |     2 |       ||     6
         Spear             |       |       |     2 |       |       ||     2
         Glaive            |       |       |       |   187 |   409 ||   596
         Halberd           |       |       |       |    61 |       ||    61
  Throw: Stone             |     2 |       |       |       |       ||     2
         Dart              |       |     2 |    22 |    18 |       ||    42
   Cast: Freeze            |    38 |    29 |     2 |       |       ||    69
         Frozen Ramparts   |     3 |    17 |    49 |    61 |    50 ||   180
         Ozocubu's Armour  |       |     2 |     8 |     4 |       ||    14
         Summon Ice Beast  |       |     2 |    22 |    64 |    45 ||   133
         Call Canine Famil |       |       |       |    34 |    22 ||    56
         Summon Blazeheart |       |       |       |       |    24 ||    24
         Blink             |       |       |       |       |     1 ||     1
  Evoke: Wand              |       |       |       |     2 |     3 ||     5
    Use: Scroll            |     2 |     3 |     4 |    10 |    11 ||    30
         Potion            |       |       |     3 |     1 |     2 ||     6
   Stab: Sleeping          |     2 |     2 |       |       |       ||     4
         Distracted        |       |       |       |     3 |     3 ||     6
 Armour: Robe              |    32 |    41 |    94 |    15 |       ||   182
         Swamp dragon scal |       |       |       |   355 |   376 ||   731
  Dodge: Dodged            |    18 |    25 |    45 |   131 |   172 ||   391
